 Dungeon Crawl Stone Soup version 0.29.1-1-gd02db6906a (webtiles) character file.

Game seed: 17154852673317337080

251 kohu the Chopper (level 5, 0/40 HPs)
             Began as a Demonspawn Gladiator on Sept 30, 2022.
             Slain by Edmund
             ... wielding a +5 flail of holy wrath
              (16 damage)
             ... on level 4 of the Dungeon.
             The game lasted 00:03:51 (4595 turns).

kohu the Chopper (Demonspawn Gladiator)             Turns: 4595, Time: 00:03:51

Health: 0/40       AC: 13    Str: 17    XL:     5   Next: 88%
Magic:  5/5        EV: 12    Int:  9    God:
Gold:   144        SH:  0    Dex: 14    Spells: 4/4 levels left

rFire   . . .      SeeInvis .   a - +0 war axe
rCold   . . .      Faith    .   (no shield)
rNeg    . . .      Spirit   .   b - +0 leather armour
rPois   .          Reflect  .   c - +0 helmet
rElec   .          Harm     .   (no cloak)
rCorr   .          Rampage  .   (no gloves)
Will    .....                   (no boots)
Stlth   +.........              (no amulet)
HPRegen 0.13/turn               (no ring)
MPRegen 0.09/turn               (no ring)

@: sanguine armoured
A: sanguine armour 2
a: no special abilities


You were on level 4 of the Dungeon.
You visited 1 branch of the dungeon, and saw 4 of its levels.

You collected 144 gold pieces.

Inventory:

Hand Weapons
 a - a +0 war axe (weapon)
Missiles
 d - 3 throwing nets (quivered)
 e - a javelin
Armour
 b - a +0 leather armour (worn)
 c - a +0 helmet (worn)
Jewellery
 n - a ring of wizardry
 r - an amulet of faith
Wands
 z - a wand of flame (10)
 A - a wand of polymorph (3)
Scrolls
 i - 3 scrolls of teleportation {unknown}
 j - 2 scrolls of magic mapping {unknown}
 m - 4 scrolls of amnesia {unknown}
 o - 4 scrolls of blinking {unknown}
 q - a scroll of noise {unknown}
 s - a scroll of identify {unknown}
 u - a scroll of enchant armour {unknown}
 w - a scroll of poison {unknown}
 x - a scroll of enchant weapon {unknown}
 y - a scroll of fog {unknown}
Potions
 f - 3 potions of flight {unknown}
 g - a potion of curing {unknown}
 h - a potion of cancellation {unknown}
 k - 2 potions of magic {unknown}
 l - a potion of invisibility {unknown}
 p - 3 potions of mutation {unknown}
 t - a potion of resistance {unknown}
 v - 2 potions of might {unknown}


   Skills:
 + Level 2.8 Fighting
 + Level 4.5 Axes
 + Level 1.7 Throwing
 + Level 2.1 Armour
 + Level 3.4 Dodging
 + Level 0.8 Stealth


You had 4 spell levels left.
You didn't know any spells.
Your spell library contained the following spells:

 Spells                   Type           Power      Damage    Failure   Level
 Necrotise                Necr           0%         1d4       43%         1
 Slow                     Hex            0%         N/A       43%         1
 Confusing Touch          Hex            0%         N/A       82%         3
 Frozen Ramparts          Ice            0%         1d1       82%         3
 Ignite Poison            Fire/Tmut/Pois 0%         N/A       82%         3
 Mephitic Cloud           Conj/Pois/Air  0%         N/A       82%         3
 Portal Projectile        Hex/Tloc       0%         N/A       82%         3
 Tukima's Dance           Hex            0%         N/A       82%         3
 Vampiric Draining        Necr           0%         2d6       82%         3
 Ice Form                 Ice/Tmut       0%         N/A       99%         4
 Summon Ice Beast         Ice/Summ       0%         N/A       99%         4
 Agony                    Necr           0%         N/A       100%        5
 Blade Hands              Tmut           0%         N/A       100%        5
 Freezing Cloud           Conj/Ice/Air   0%         6-21      100%        5


Dungeon Overview and Level Annotations

Branches:
Dungeon (4/15)
 Temple: D:4-7

Altars:
Fedhas
Nemelex Xobeh

Annotations:
D:4 Edmund


Innate Abilities, Weirdness & Mutations

When seriously injured, your blood forms thick armour. (AC +9)


Message History

A quokka comes into view.
Found a curved gold wand and a bubbling dark potion.
A quokka is nearby!
A quokka is nearby!
A quokka is nearby!
You see here 17 gold pieces.
You miss the quokka. The quokka bites you.
You hit the quokka.
The quokka is almost dead.
The quokka closely misses you. The quokka barely misses you.
You slash the quokka!
You kill the quokka!
A - a wand of polymorph (3)
You now have 135 gold pieces (gained 17).
f - 3 bubbling dark potions (gained 1)
You open the large door.
There is a large open door here.
There is a large open door here.
You now have 144 gold pieces (gained 9).
Found 6 stones.
You open the door.
Found a stone staircase leading up.
Edmund the Younger comes into view.
He is wielding a +5 flail of holy wrath.
Edmund shouts!
There is an open door here.
Edmund is nearby!
Edmund is nearby!
There is an open door here.
You close the door.
Found a scroll labelled LUGAAXE COUSTU.
Edmund says, "People think my brother is the best.
I think he's crazy."
Edmund attacks as you move away! Edmund completely misses you.
Edmund says, "Everyone always remembers my brother. 'Who's Edmund?' they ask!"
Edmund attacks as you move away!
Edmund hits you with a +5 flail of holy wrath.
You convulse.
Edmund attacks as you move away!
Edmund hits you with a +5 flail of holy wrath!
Your blood congeals into armour.
You convulse!
You die...

######.......[..# #.........# #.
.#####..........###.........####.
.+................'.........')...
.#####.#.#.########.........#.##.
## #.#.#.# ####.######.##. .#
#.#...## #.# #.##. ##
#...#..###### ###'### #.##.
###.#.......###.....# #.##.
..#.#.....@@..+.....####+##.
#.#.########..#...........(.
#.#.# #.........##........##
#.#.# #.##.<#.#..#........##
#####.#.# ##.#.##..........##
#.......# ..#.###)........##
##.......# ####.# ##........##
.#..#+#..# ........# ###..#######
.#..# #..# ######### #.........##


You could see Edmund.

Vanquished Creatures
  A howler monkey (D:2)
  Jessica (D:3)
  3 gnolls (D:3)
  8 adders
  A worm (D:3)
  A dart slug (D:2)
  7 orcs
  5 endoplasms
  6 giant cockroaches
  6 goblins
  3 hobgoblins
  10 kobolds
  3 quokkas
  7 ball pythons
  7 bats
  6 frilled lizards
  6 rats
81 creatures vanquished.

Notes
Turn   | Place    | Note
-------+----------+-------------------------------------------
     0 | D:1      | kohu the Demonspawn Gladiator began the quest for the Orb.
     0 | D:1      | Reached XP level 1. HP: 16/16 MP: 1/1
   215 | D:1      | Gained mutation: When seriously injured, your blood forms
                  | armour. (AC +9) [demonic ancestry]
   215 | D:1      | Reached XP level 2. HP: 22/22 MP: 2/2
   249 | D:1      | Reached skill level 3 in Axes
  1221 | D:2      | Gained mutation: When seriously injured, your blood forms
                  | thick armour. (AC +9) [demonic ancestry]
  1221 | D:2      | Reached XP level 3. HP: 24/27 MP: 3/3
  1277 | D:2      | Reached skill level 1 in Armour
  1277 | D:2      | Reached XP level 4. HP: 17/34 MP: 4/4
  2492 | D:3      | Found a faded altar of an unknown god.
  2514 | D:3      | Reached skill level 4 in Axes
  3026 | D:3      | Reached XP level 5. HP: 29/39 MP: 5/5
  3139 | D:3      | Found a blossoming altar of Fedhas.
  3153 | D:3      | Noticed Jessica
  3173 | D:3      | Killed Jessica
  3422 | D:3      | Found a sparkling altar of Nemelex Xobeh.
  4553 | D:4      | Noticed Edmund
  4595 | D:4      | Slain by Edmund

Illustrated notes

Levels and vault maps discovered:
D:1:      minmay_arrival_open_corners, layout_basic
D:2:      layout_loops_corners
D:3:      layout_rooms, fedhas_altar_2, nemelex_altar_shiori,
          ebering_ecumenical_altar_ruins, roderic_serpentine_path,
          nicolae_hexahallways, dk_noncrumbling_2, kennysheep_jessica_study
D:4:      layout_basic, jmf_multi_god_temple, kennysheep_mini_moat,
          minmay_misc_feat_hallway, uniq_edmund

Skill      XL: |  1  2  3  4  5 |
---------------+----------------+-----
Axes           | 3 4 |  4.5
Dodging        | 3 |  3.4
Armour         | 1 2 |  2.1
Fighting       | |  2.8
Throwing       | |  1.7
Stealth        | |  0.8

Action                   |  1- 3 |  4- 6 || total
-------------------------+-------+-------++-------
Melee: War axe           |    78 |   145 ||   223
       Punch             |       |     3 ||     3
Armor: Leather armour    |    49 |    60 ||   109
Dodge: Dodged            |    61 |   130 ||   191
